Punishers vs Staline
(R1)
Created - 26 mars 2015 at 19:17
Goals
|
Punishers |
0 |
1 |
2 |
0 |
3 |
Staline |
1 |
1 |
1 |
1 |
4 |
|
Shots
|
Punishers |
11 |
9 |
11 |
0 |
31 |
Staline |
8 |
14 |
16 |
1 |
39 |
|
1st period
1. Staline , Cam Janssen 34 (Andrei Loktionov) at 18:55
Penalties :
Adam Pineault (Pro) for Tripping (Minor) at 13:45, Andrei Loktionov (StJ) for High sticking (Minor) at 16:41
2nd period
2. Staline , Tyler Cuma 6 (Keith Aulie, Cam Janssen) at 5:55
3. Punishers , Richard Zednik 29 (Éric Perrin) at 17:22
Penalties :
Tyler Cuma (StJ) for Roughing (Minor) at 3:48, Nate Prosser (Pro) for Holding (Minor) at 8:53
3rd period
4. Punishers , Luke Adam 7 (Tanner Glass, Mike Grier) at 5:48 (PP)
5. Punishers , Tanner Glass 26 (Mike Grier, Adam McQuaid) at 7:26
6. Staline , Yan Stastny 19 (Pierre-Luc Létourneau, Devin Setoguchi) at 14:25
Penalties :
Keith Aulie (StJ) for Tripping (Minor) at 4:40, Jack Hillen (Pro) for Hooking (Minor) at 9:37, Brad Isbister (Pro) for Interference (Minor) at 14:47
Overtime #1
7. Staline , Yan Stastny 20 (Cam Janssen, Michael Del Zotto) at 0:53
Penalties :
No Penalty
Goalie Stats
Kevin Poulin (Pro), 35 saves from 39 shots - (0,897), OTL, 27-9-7, 60:53 minutes
Tobias Stephan (StJ), 28 saves from 31 shots - (0,903), W, 43-15-4, 60:53 minutes
Players Stats for Punishers
Player Name G A P +/- PIM S H SB GA TA FO MP PP MP PK MP
------------------------------------------------------------------------------------
Adam McQuaid 0 1 1 0 0 3 2 2 2 0 0/0 20:43 1:22 3:12
Adam Pineault 0 0 0 -2 2 3 1 0 0 0 0/0 10:48 0:15 0:00
Brad Isbister 0 0 0 0 2 2 1 0 0 0 0/2 18:08 2:14 2:05
Brandon McMillan 0 0 0 -1 0 0 1 0 0 0 1/2 7:38 0:00 0:00
Casey Cizikas 0 0 0 -2 0 1 0 0 0 0 1/3 10:24 0:00 0:24
Éric Perrin 0 1 1 1 0 2 3 0 3 0 17/30 21:40 1:59 4:39
Erik Condra 0 0 0 -1 0 0 1 0 1 0 0/1 9:45 0:00 1:45
Frazer Mclaren 0 0 0 -1 0 0 1 0 0 0 0/0 7:38 0:00 0:00
Jack Hillen 0 0 0 -2 2 1 0 1 0 0 0/0 12:51 0:00 1:23
Jean-François Jacques 0 0 0 0 0 0 0 0 0 0 0/0 0:11 0:00 0:11
Justin Falk 0 0 0 0 0 0 2 0 0 3 0/0 20:43 1:22 3:12
Keaton Ellerby 0 0 0 0 0 0 0 0 1 0 0/0 24:58 3:44 4:33
Kris Chucko 0 0 0 -2 0 2 1 0 0 0 0/0 11:06 0:15 0:00
Lance Bouma 0 0 0 0 0 0 0 0 0 0 0/0 0:00 0:00 0:00
Luke Adam 1 0 1 1 0 4 0 0 0 0 8/13 17:20 2:52 0:00
Mike Blunden 0 0 0 0 0 0 0 0 0 0 0/0 0:00 0:00 0:00
Mike Grier 0 2 2 1 0 3 2 0 2 0 0/0 17:20 2:52 0:00
Nate Prosser 0 0 0 0 2 1 2 2 1 0 0/0 27:16 3:44 3:16
Philippe Paradis 0 0 0 0 0 0 0 0 0 0 0/0 0:00 0:00 0:00
Radek Smolenak 0 0 0 0 0 0 0 0 0 0 0/0 0:00 0:00 0:00
Richard Zednik 1 0 1 1 0 2 1 1 3 3 1/2 21:40 1:59 4:39
Simon Despres 0 0 0 0 0 0 0 1 0 0 0/0 5:10 0:00 0:16
Tanner Glass 1 1 2 0 0 6 3 0 2 0 1/1 19:45 2:52 2:09
Troy Bodie 0 0 0 0 0 0 0 0 0 0 0/0 0:00 0:00 0:00
Zach Jones 0 0 0 -2 0 1 0 0 0 0 0/0 10:28 0:00 0:00
Players Stats for Staline
Player Name G A P +/- PIM S H SB GA TA FO MP PP MP PK MP
------------------------------------------------------------------------------------
Andrei Loktionov 0 1 1 2 2 6 3 0 1 2 4/8 17:46 3:36 1:13
Cam Janssen 1 2 3 3 0 2 4 1 0 0 0/0 17:37 3:33 1:46
Cody Eakin 0 0 0 -1 0 1 1 0 0 0 2/4 9:57 0:00 0:21
Devin Setoguchi 0 1 1 1 0 5 0 2 0 0 2/3 22:35 4:17 2:45
J.T. Wyman 0 0 0 -1 0 0 1 0 0 1 0/0 10:27 0:03 0:00
James Sheppard 0 0 0 -1 0 2 0 1 0 1 0/0 9:36 0:00 0:00
Jared Boll 0 0 0 -1 0 1 4 0 0 1 0/0 11:04 0:03 0:47
Keith Aulie 0 1 1 3 2 0 3 0 0 1 0/0 26:37 5:08 2:29
Mason Raymond 0 0 0 1 0 2 1 0 0 0 1/1 16:08 3:36 0:35
Michael Del Zotto 0 1 1 1 0 0 2 0 1 1 0/0 15:02 2:48 0:00
Nick Spaling 0 0 0 -1 0 1 1 0 0 0 0/0 9:46 0:00 0:00
Peter Mueller 0 0 0 -1 0 3 1 0 0 2 2/6 10:30 0:06 0:00
Pierre-Luc Létourneau 0 1 1 1 0 2 0 1 0 2 0/2 18:57 4:17 0:00
T.J. Fast 0 0 0 2 0 1 0 2 1 1 0/0 26:56 5:08 2:55
Theo Peckham 0 0 0 -1 0 1 5 1 2 0 0/0 18:55 0:00 2:11
Torey Krug 0 0 0 1 0 1 0 0 0 1 0/0 13:38 0:00 1:25
Tyler Cuma 1 0 1 -1 2 2 1 2 0 0 0/0 20:44 2:48 1:12
Yan Stastny 2 0 2 2 0 9 1 2 1 2 14/30 22:08 4:17 2:45
3 Stars
1 - Cam Janssen (StJ)
2 - Yan Stastny (StJ)
3 - Tanner Glass (Pro)
Power Play
Punishers - 1 on 3 Attempt(s) - 33,33%
Staline - 0 on 4 Attempt(s) - 0,00%
Penalty Kill
Punishers - 4 on 4 Attempt(s) - 100,00%
- Score 0 goal in Penalty Kill
Staline - 2 on 3 Attempt(s) - 66,67%
- Score 0 goal in Penalty Kill
Team Stat
Punishers - Hits : 21 - Faceoff Wins : 29 - Blocked Shots : 7 - Penalty Minutes : 8
Staline - Hits : 28 - Faceoff Wins : 25 - Blocked Shots : 12 - Penalty Minutes : 6
Official
Referees : McCauley Wes and Furlatt Eric
Linesman : Brad Kovachik and Derek Amell
Game Notes
No Game Note
Finance
Level 1 -- Attendance: 1497 (74,85%) -- Ticket Income 52 395 $
Level 2 -- Attendance: 841 (84,10%) -- Ticket Income 12 615 $
Total Attendance: 2338 (77,93%)
Total Ticket Income: 65 010 $
Other Income: 3 250 $
Total Income: 68 260 $
Punishers
5 vs 5 Forward
Center Left Wing Right Wing Time % Phy DF OF
1 Éric Perrin Brad Isbister Richard Zednik 40 1 2 2
2 Luke Adam Tanner Glass Mike Grier 30 1 2 2
3 Casey Cizikas Kris Chucko Adam Pineault 20 1 2 2
4 Brandon McMillan Frazer Mclaren Erik Condra 10 1 2 2
5 vs 5 Defense
Defense Defense Time % Phy DF OF
1 Nate Prosser Keaton Ellerby 40 1 2 2
2 Justin Falk Adam McQuaid 30 1 2 2
3 Zach Jones Jack Hillen 20 1 2 2
4 Simon Despres Nate Prosser 10 1 2 2
PowerPlay Forward
Center Left Wing Right Wing Time % Phy DF OF
1 Éric Perrin Brad Isbister Richard Zednik 60 1 2 2
2 Luke Adam Tanner Glass Mike Grier 40 1 2 2
PowerPlay Defense
Defense Defense Time % Phy DF OF
1 Nate Prosser Keaton Ellerby 60 1 2 2
2 Justin Falk Adam McQuaid 40 1 2 2
Penalty Kill 4 Players Forward
Center Wing Time % Phy DF OF
1 Éric Perrin Richard Zednik 60 1 2 2
2 Brad Isbister Tanner Glass 40 1 2 2
Penalty Kill 4 Players Defense
Defense Defense Time % Phy DF OF
1 Nate Prosser Keaton Ellerby 60 1 2 2
2 Justin Falk Adam McQuaid 40 1 2 2
Penalty Kill - 3 Players Forward
Forward Time % Phy DF OF
1 Éric Perrin 60 1 2 2
2 Richard Zednik 40 1 2 2
Penalty Kill - 3 Players Defense
Defense Defense Time % Phy DF OF
1 Nate Prosser Keaton Ellerby 60 1 2 2
2 Justin Falk Adam McQuaid 40 1 2 2
4 vs 4 Forward
Center Wing Time % Phy DF OF
1 Éric Perrin Richard Zednik 60 1 2 2
2 Brad Isbister Tanner Glass 40 1 2 2
4 vs 4 Defense
Defense Defense Time % Phy DF OF
1 Nate Prosser Keaton Ellerby 60 1 2 2
2 Justin Falk Adam McQuaid 40 1 2 2
Last Minutes Offensive
Center Left Wing Right Wing Defense Defense
Éric Perrin Brad Isbister Richard Zednik Nate Prosser Keaton Ellerby
Last Minutes Defensive
Center Left Wing Right Wing Defense Defense
Éric Perrin Brad Isbister Richard Zednik Nate Prosser Keaton Ellerby
Goaltenders
Starting : Kevin Poulin
Backup : Anton Khudobin
Extra Forwards
Normal : Kris Chucko, Adam Pineault, Erik Condra - PP : Kris Chucko, Adam Pineault - PK : Erik Condra
Extra Defensemen
Normal : Zach Jones, Jack Hillen, Simon Despres - PP : Zach Jones - PK : Jack Hillen, Simon Despres
Penalty Shots
Éric Perrin, Richard Zednik, Brad Isbister, Tanner Glass, Kris Chucko
Staline
5 vs 5 Forward
Center Left Wing Right Wing Time % Phy DF OF
1 Yan Stastny Pierre-Luc Létourneau Devin Setoguchi 40 1 2 2
2 Andrei Loktionov Mason Raymond Cam Janssen 30 1 2 2
3 Peter Mueller Nick Spaling J.T. Wyman 20 1 2 2
4 Cody Eakin James Sheppard Jared Boll 10 1 2 2
5 vs 5 Defense
Defense Defense Time % Phy DF OF
1 T.J. Fast Keith Aulie 40 1 2 2
2 Theo Peckham Tyler Cuma 30 1 2 2
3 Michael Del Zotto Torey Krug 20 1 2 2
4 T.J. Fast Keith Aulie 10 1 2 2
PowerPlay Forward
Center Left Wing Right Wing Time % Phy DF OF
1 Yan Stastny Pierre-Luc Létourneau Devin Setoguchi 60 1 2 2
2 Andrei Loktionov Mason Raymond Cam Janssen 40 1 2 2
PowerPlay Defense
Defense Defense Time % Phy DF OF
1 T.J. Fast Keith Aulie 60 1 2 2
2 Michael Del Zotto Tyler Cuma 40 1 2 2
Penalty Kill 4 Players Forward
Center Wing Time % Phy DF OF
1 Yan Stastny Devin Setoguchi 60 1 2 2
2 Andrei Loktionov Cam Janssen 40 1 2 2
Penalty Kill 4 Players Defense
Defense Defense Time % Phy DF OF
1 T.J. Fast Keith Aulie 60 1 2 2
2 Theo Peckham Tyler Cuma 40 1 2 2
Penalty Kill - 3 Players Forward
Forward Time % Phy DF OF
1 Yan Stastny 60 1 2 2
2 Andrei Loktionov 40 1 2 2
Penalty Kill - 3 Players Defense
Defense Defense Time % Phy DF OF
1 T.J. Fast Keith Aulie 60 1 2 2
2 Theo Peckham Tyler Cuma 40 1 2 2
4 vs 4 Forward
Center Wing Time % Phy DF OF
1 Andrei Loktionov Devin Setoguchi 60 1 2 2
2 Yan Stastny Cam Janssen 40 1 2 2
4 vs 4 Defense
Defense Defense Time % Phy DF OF
1 T.J. Fast Keith Aulie 60 1 2 2
2 Michael Del Zotto Tyler Cuma 40 1 2 2
Last Minutes Offensive
Center Left Wing Right Wing Defense Defense
Yan Stastny Pierre-Luc Létourneau Devin Setoguchi T.J. Fast Keith Aulie
Last Minutes Defensive
Center Left Wing Right Wing Defense Defense
Yan Stastny Pierre-Luc Létourneau Devin Setoguchi T.J. Fast Keith Aulie
Goaltenders
Starting : Tobias Stephan
Backup : Joni Ortio
Extra Forwards
Normal : Peter Mueller, J.T. Wyman, Jared Boll - PP : Peter Mueller, J.T. Wyman - PK : Jared Boll
Extra Defensemen
Normal : Michael Del Zotto, Torey Krug, Theo Peckham - PP : Michael Del Zotto - PK : Torey Krug, Theo Peckham
Penalty Shots
Pierre-Luc Létourneau, Devin Setoguchi, Yan Stastny, Cam Janssen, Mason Raymond
% Time on Ice - Punishers
Lines # - Real PCT - Wanted PCT - Time Play
Normal Forward
1 - 32% - 40% - 14:51
2 - 31% - 30% - 14:29
3 - 21% - 20% - 10:00
4 - 16% - 10% - 7:38
Normal Defense
1 - 36% - 40% - 17:01
2 - 34% - 30% - 15:53
3 - 22% - 20% - 10:28
4 - 8% - 10% - 3:36
PP Forward
1 - 44% - 60% - 2:14
2 - 56% - 40% - 2:52
PP Defense
1 - 73% - 60% - 3:44
2 - 27% - 40% - 1:22
PK Forward
1 - 73% - 60% - 5:47
2 - 27% - 40% - 2:09
PK Defense
1 - 60% - 60% - 4:44
2 - 40% - 40% - 3:12
PK3 Forward
1 - 0% - 60%
2 - 0% - 40%
PK3 Defense
1 - 0% - 60%
2 - 0% - 40%
44 Forward
1 - 70% - 60% - 0:37
2 - 30% - 40% - 0:16
44 Defense
1 - 70% - 60% - 0:37
2 - 30% - 40% - 0:16
Last Minute Offensive - 0:00
Last Minute Defensive - 0:00
Total
Forward - 60:53
Defense - 60:53
|
% Time on Ice - Staline
Lines # - Real PCT - Wanted PCT - Time Play
Normal Forward
1 - 33% - 40% - 15:31
2 - 26% - 30% - 12:05
3 - 21% - 20% - 9:46
4 - 20% - 10% - 9:36
Normal Defense
1 - 36% - 40% - 17:02
2 - 36% - 30% - 17:02
3 - 25% - 20% - 11:35
4 - 3% - 10% - 1:19
PP Forward
1 - 55% - 60% - 4:20
2 - 45% - 40% - 3:36
PP Defense
1 - 65% - 60% - 5:08
2 - 35% - 40% - 2:48
PK Forward
1 - 65% - 60% - 3:20
2 - 35% - 40% - 1:46
PK Defense
1 - 57% - 60% - 2:55
2 - 43% - 40% - 2:11
PK3 Forward
1 - 0% - 60%
2 - 0% - 40%
PK3 Defense
1 - 0% - 60%
2 - 0% - 40%
44 Forward
1 - 75% - 60% - 0:40
2 - 25% - 40% - 0:13
44 Defense
1 - 60% - 60% - 0:32
2 - 40% - 40% - 0:21
Last Minute Offensive - 0:00
Last Minute Defensive - 0:00
Total
Forward - 60:53
Defense - 60:53
|
Play by Play
1st period
0:01 of 1st period - Éric Perrin wins face-off versus Yan Stastny in neutral zone.
0:57 of 1st period - Slapshot by Kris Chucko.
0:57 of 1st period - Stopped by Tobias Stephan without a rebound.
0:58 of 1st period - Brandon McMillan wins face-off versus Cody Eakin in Staline zone.
1:26 of 1st period - Slapshot by Tanner Glass.
1:26 of 1st period - Shot Blocked by Tyler Cuma.
1:54 of 1st period - Snap shot by Adam Pineault.
1:54 of 1st period - Stopped by Tobias Stephan with a rebound.
2:02 of 1st period - Slapshot by Jared Boll.
2:02 of 1st period - Shot Blocked by Simon Despres.
2:14 of 1st period - Richard Zednik is hit by Yan Stastny and loses puck.
2:43 of 1st period - Snap shot by Mike Grier.
2:43 of 1st period - Stopped by Tobias Stephan with a rebound.
3:05 of 1st period - Wrist shot by Frazer Mclaren.
3:05 of 1st period - Shot Misses the Net.
3:07 of 1st period - Backhand shot by Zach Jones.
3:07 of 1st period - Stopped by Tobias Stephan with a rebound.
3:31 of 1st period - Wrist shot by J.T. Wyman.
3:31 of 1st period - Shot Misses the Net.
3:59 of 1st period - Nate Prosser is hit by J.T. Wyman and loses puck.
4:10 of 1st period - Yan Stastny is hit by Nate Prosser and loses puck.
4:33 of 1st period - J.T. Wyman is hit by Adam Pineault and loses puck.
4:56 of 1st period - Brad Isbister is hit by Cam Janssen and loses puck.
5:03 of 1st period - Mason Raymond is hit by Nate Prosser and loses puck.
5:14 of 1st period - Justin Falk is hit by Theo Peckham and loses puck.
5:37 of 1st period - Erik Condra is hit by Theo Peckham and loses puck.
5:48 of 1st period - Wrist shot by Cody Eakin.
5:48 of 1st period - Stopped by Kevin Poulin without a rebound.
5:49 of 1st period - Yan Stastny wins face-off versus Éric Perrin in Punishers zone.
6:21 of 1st period - Keith Aulie is hit by Tanner Glass.
7:34 of 1st period - Off-side.
7:35 of 1st period - Cody Eakin wins face-off versus Luke Adam in neutral zone.
7:45 of 1st period - Wrist shot by Luke Adam.
7:45 of 1st period - Shot Blocked by Theo Peckham.
7:57 of 1st period - Tanner Glass is hit by Theo Peckham and loses puck.
8:02 of 1st period - Snap shot by Jared Boll.
8:02 of 1st period - Shot Misses the Net.
8:20 of 1st period - Snap shot by James Sheppard.
8:20 of 1st period - Deflect By Adam McQuaid.
8:20 of 1st period - Shot Misses the Net.
8:20 of 1st period - Puck is out of play.
8:21 of 1st period - Yan Stastny wins face-off versus Éric Perrin in Punishers zone.
8:28 of 1st period - Slapshot by Éric Perrin.
8:28 of 1st period - Shot Hit the Post.
8:36 of 1st period - Snap shot by Éric Perrin.
8:36 of 1st period - Stopped by Tobias Stephan with a rebound.
9:34 of 1st period - Snap shot by Éric Perrin.
9:34 of 1st period - Stopped by Tobias Stephan with a rebound.
9:48 of 1st period - Snap shot by Mike Grier.
9:48 of 1st period - Shot Misses the Net.
9:51 of 1st period - Icing by Tyler Cuma.
9:52 of 1st period - Luke Adam wins face-off versus Andrei Loktionov in Staline zone.
9:57 of 1st period - Slapshot by Mike Grier.
9:57 of 1st period - Shot Misses the Net.
10:11 of 1st period - Snap shot by Andrei Loktionov.
10:11 of 1st period - Stopped by Kevin Poulin with a rebound.
10:24 of 1st period - Wrist shot by Mason Raymond.
10:24 of 1st period - Stopped by Kevin Poulin with a rebound.
10:34 of 1st period - Snap shot by Mike Grier.
10:34 of 1st period - Stopped by Tobias Stephan with a rebound.
10:36 of 1st period - Snap shot by Luke Adam.
10:36 of 1st period - Stopped by Tobias Stephan without a rebound.
10:37 of 1st period - Éric Perrin wins face-off versus Pierre-Luc Létourneau in Staline zone.
10:38 of 1st period - Wrist shot by Brad Isbister.
10:38 of 1st period - Stopped by Tobias Stephan without a rebound.
10:39 of 1st period - Yan Stastny wins face-off versus Éric Perrin in Staline zone.
10:48 of 1st period - Devin Setoguchi is hit by Brad Isbister.
11:04 of 1st period - T.J. Fast is hit by Frazer Mclaren and loses puck.
11:25 of 1st period - Slapshot by Devin Setoguchi.
11:25 of 1st period - Stopped by Kevin Poulin with a rebound.
11:41 of 1st period - Backhand shot by Erik Condra.
11:41 of 1st period - Shot Misses the Net.
11:43 of 1st period - Wrist shot by Erik Condra.
11:43 of 1st period - Shot Misses the Net.
11:45 of 1st period - Wrist shot by Erik Condra.
11:45 of 1st period - Shot Misses the Net.
11:47 of 1st period - Slapshot by Adam McQuaid.
11:47 of 1st period - Stopped by Tobias Stephan without a rebound.
11:48 of 1st period - Éric Perrin wins face-off versus Peter Mueller in Staline zone.
12:02 of 1st period - J.T. Wyman is hit by Éric Perrin and loses puck.
12:15 of 1st period - Casey Cizikas is hit by Cam Janssen and loses puck.
13:21 of 1st period - Kris Chucko is hit by Cody Eakin and loses puck.
13:28 of 1st period - Justin Falk is hit by Jared Boll and loses puck.
13:45 of 1st period - Minor Penalty to Adam Pineault for Tripping.
13:46 of 1st period - Éric Perrin wins face-off versus Yan Stastny in Punishers zone.
14:01 of 1st period - Snap shot by Yan Stastny.
14:01 of 1st period - Stopped by Kevin Poulin with a rebound.
14:15 of 1st period - Snap shot by Devin Setoguchi.
14:15 of 1st period - Stopped by Kevin Poulin with a rebound.
14:25 of 1st period - Wrist shot by Cam Janssen.
14:25 of 1st period - Shot Blocked by Richard Zednik.
14:39 of 1st period - Snap shot by Brad Isbister.
14:39 of 1st period - Stopped by Tobias Stephan with a rebound.
15:45 of 1st period - Penalty to Adam Pineault is over, Adam Pineault is back on ice.
15:45 of 1st period - Richard Zednik is hit by Michael Del Zotto and loses puck.
16:41 of 1st period - Minor Penalty to Andrei Loktionov for High sticking.
16:42 of 1st period - Yan Stastny wins face-off versus Luke Adam in Staline zone.
16:53 of 1st period - Wrist shot by Yan Stastny.
16:53 of 1st period - Stopped by Kevin Poulin with a rebound.
18:41 of 1st period - Penalty to Andrei Loktionov is over, Andrei Loktionov is back on ice.
18:42 of 1st period - Snap shot by Kris Chucko.
18:42 of 1st period - Shot Blocked by Devin Setoguchi.
18:53 of 1st period - Icing by Zach Jones.
18:54 of 1st period - Andrei Loktionov wins face-off versus Brandon McMillan in Punishers zone.
18:55 of 1st period - Slapshot by Cam Janssen.
18:55 of 1st period - Goal by Cam Janssen - Punishers : 0 - Staline : 1.
18:56 of 1st period - Yan Stastny wins face-off versus Éric Perrin in neutral zone.
19:21 of 1st period - Yan Stastny is hit by Kris Chucko and loses puck.
19:50 of 1st period - Mason Raymond is hit by Tanner Glass and loses puck.
Goals for this period are 0 for Punishers vs 1 for Staline.
Shots for this period are 11 for Punishers vs 8 for Staline.
2nd period
0:01 of 2nd period - Éric Perrin wins face-off versus Pierre-Luc Létourneau in neutral zone.
0:26 of 2nd period - Tanner Glass is hit by Andrei Loktionov.
2:24 of 2nd period - Erik Condra is hit by Jared Boll and loses puck.
2:59 of 2nd period - Slapshot by Brad Isbister.
2:59 of 2nd period - Deflect By Éric Perrin.
2:59 of 2nd period - Shot Misses the Net.
2:59 of 2nd period - Puck is out of play.
3:00 of 2nd period - Yan Stastny wins face-off versus Luke Adam in Staline zone.
3:07 of 2nd period - Wrist shot by Tanner Glass.
3:07 of 2nd period - Shot Misses the Net.
3:09 of 2nd period - Wrist shot by Luke Adam.
3:09 of 2nd period - Shot Misses the Net.
3:11 of 2nd period - Slapshot by Adam McQuaid.
3:11 of 2nd period - Stopped by Tobias Stephan with a rebound.
3:13 of 2nd period - Wrist shot by Mike Grier.
3:13 of 2nd period - Shot Blocked by Pierre-Luc Létourneau.
3:15 of 2nd period - Slapshot by Luke Adam.
3:15 of 2nd period - Stopped by Tobias Stephan with a rebound.
3:43 of 2nd period - Snap shot by Adam Pineault.
3:43 of 2nd period - Shot Misses the Net.
3:45 of 2nd period - Slapshot by Kris Chucko.
3:45 of 2nd period - Stopped by Tobias Stephan without a rebound.
3:46 of 2nd period - Yan Stastny wins face-off versus Brad Isbister in Staline zone.
3:48 of 2nd period - Minor Penalty to Tyler Cuma for Roughing.
3:49 of 2nd period - Éric Perrin wins face-off versus Yan Stastny in Staline zone.
4:50 of 2nd period - Wrist shot by Tanner Glass.
4:50 of 2nd period - Stopped by Tobias Stephan with a rebound.
4:52 of 2nd period - Snap shot by Luke Adam.
4:52 of 2nd period - Stopped by Tobias Stephan without a rebound.
4:53 of 2nd period - Yan Stastny wins face-off versus Éric Perrin in Staline zone.
5:06 of 2nd period - Backhand shot by Brad Isbister.
5:06 of 2nd period - Shot Misses the Net.
5:48 of 2nd period - Penalty to Tyler Cuma is over, Tyler Cuma is back on ice.
5:55 of 2nd period - Slapshot by Keith Aulie.
5:55 of 2nd period - Deflect By Tyler Cuma.
5:55 of 2nd period - Goal by Tyler Cuma - Punishers : 0 - Staline : 2.
5:56 of 2nd period - Luke Adam wins face-off versus Yan Stastny in neutral zone.
6:05 of 2nd period - Wrist shot by Mike Grier.
6:05 of 2nd period - Stopped by Tobias Stephan with a rebound.
6:21 of 2nd period - Richard Zednik is hit by Andrei Loktionov and loses puck.
7:16 of 2nd period - Snap shot by James Sheppard.
7:16 of 2nd period - Stopped by Kevin Poulin with a rebound.
7:22 of 2nd period - Theo Peckham is hit by Mike Grier and loses puck.
7:41 of 2nd period - Wrist shot by Brandon McMillan.
7:41 of 2nd period - Shot Misses the Net.
8:05 of 2nd period - Andrei Loktionov is hit by Adam McQuaid and loses puck.
8:18 of 2nd period - Wrist shot by Adam Pineault.
8:18 of 2nd period - Stopped by Tobias Stephan with a rebound.
8:20 of 2nd period - Snap shot by Casey Cizikas.
8:20 of 2nd period - Stopped by Tobias Stephan without a rebound.
8:21 of 2nd period - Peter Mueller wins face-off versus Luke Adam in Staline zone.
8:44 of 2nd period - Snap shot by Peter Mueller.
8:44 of 2nd period - Stopped by Kevin Poulin without a rebound.
8:45 of 2nd period - Yan Stastny wins face-off versus Éric Perrin in Punishers zone.
8:53 of 2nd period - Minor Penalty to Nate Prosser for Holding.
8:54 of 2nd period - Éric Perrin wins face-off versus Yan Stastny in Punishers zone.
9:19 of 2nd period - Éric Perrin is hit by Keith Aulie and loses puck.
9:38 of 2nd period - Wrist shot by Yan Stastny.
9:38 of 2nd period - Stopped by Kevin Poulin without a rebound.
9:39 of 2nd period - Andrei Loktionov wins face-off versus Brad Isbister in Punishers zone.
9:44 of 2nd period - Wrist shot by Cam Janssen.
9:44 of 2nd period - Shot Misses the Net.
10:53 of 2nd period - Penalty to Nate Prosser is over, Nate Prosser is back on ice.
11:11 of 2nd period - Slapshot by Michael Del Zotto.
11:11 of 2nd period - Shot Misses the Net.
11:13 of 2nd period - Slapshot by Torey Krug.
11:13 of 2nd period - Stopped by Kevin Poulin without a rebound.
11:14 of 2nd period - Luke Adam wins face-off versus Cody Eakin in Punishers zone.
11:14 of 2nd period - Luke Adam is hit by Jared Boll.
11:30 of 2nd period - Wrist shot by Tanner Glass.
11:30 of 2nd period - Shot Blocked by James Sheppard.
11:40 of 2nd period - Theo Peckham is hit by Justin Falk and loses puck.
11:49 of 2nd period - Snap shot by Kris Chucko.
11:49 of 2nd period - Shot Blocked by Tyler Cuma.
12:37 of 2nd period - Tanner Glass is hit by Jared Boll and loses puck.
12:58 of 2nd period - Snap shot by Yan Stastny.
12:58 of 2nd period - Stopped by Kevin Poulin without a rebound.
12:59 of 2nd period - Yan Stastny wins face-off versus Éric Perrin in Punishers zone.
13:02 of 2nd period - Wrist shot by Devin Setoguchi.
13:02 of 2nd period - Stopped by Kevin Poulin with a rebound.
13:20 of 2nd period - Devin Setoguchi is hit by Éric Perrin and loses puck.
13:33 of 2nd period - Snap shot by Andrei Loktionov.
13:33 of 2nd period - Stopped by Kevin Poulin with a rebound.
13:39 of 2nd period - Wrist shot by Andrei Loktionov.
13:39 of 2nd period - Stopped by Kevin Poulin with a rebound.
13:41 of 2nd period - Slapshot by T.J. Fast.
13:41 of 2nd period - Shot Misses the Net.
14:05 of 2nd period - Slapshot by James Sheppard.
14:05 of 2nd period - Stopped by Kevin Poulin without a rebound.
14:06 of 2nd period - Yan Stastny wins face-off versus Éric Perrin in Punishers zone.
14:11 of 2nd period - Snap shot by Yan Stastny.
14:11 of 2nd period - Shot Hit the Post.
14:31 of 2nd period - Tanner Glass is hit by Cam Janssen and loses puck.
14:36 of 2nd period - Snap shot by Andrei Loktionov.
14:36 of 2nd period - Stopped by Kevin Poulin with a rebound.
14:38 of 2nd period - Slapshot by Theo Peckham.
14:38 of 2nd period - Shot Misses the Net.
14:40 of 2nd period - Snap shot by Andrei Loktionov.
14:40 of 2nd period - Stopped by Kevin Poulin with a rebound.
15:18 of 2nd period - Slapshot by Jared Boll.
15:18 of 2nd period - Stopped by Kevin Poulin with a rebound.
15:59 of 2nd period - Wrist shot by Mason Raymond.
15:59 of 2nd period - Stopped by Kevin Poulin without a rebound.
16:00 of 2nd period - Andrei Loktionov wins face-off versus Luke Adam in Punishers zone.
17:08 of 2nd period - Snap shot by Brandon McMillan.
17:08 of 2nd period - Deflect By Frazer Mclaren.
17:08 of 2nd period - Shot Misses the Net.
17:08 of 2nd period - Puck is out of play.
17:09 of 2nd period - Éric Perrin wins face-off versus Peter Mueller in Staline zone.
17:22 of 2nd period - Snap shot by Richard Zednik.
17:22 of 2nd period - Goal by Richard Zednik - Punishers : 1 - Staline : 2.
17:23 of 2nd period - Devin Setoguchi wins face-off versus Éric Perrin in neutral zone.
17:34 of 2nd period - Nate Prosser is hit by Keith Aulie and loses puck.
18:12 of 2nd period - Slapshot by Michael Del Zotto.
18:12 of 2nd period - Shot Misses the Net.
19:17 of 2nd period - Cam Janssen is hit by Justin Falk and loses puck.
Goals for this period are 1 for Punishers vs 1 for Staline.
Shots for this period are 9 for Punishers vs 14 for Staline.
3rd period
0:01 of 3rd period - Yan Stastny wins face-off versus Éric Perrin in neutral zone.
0:49 of 3rd period - Wrist shot by Kris Chucko.
0:49 of 3rd period - Shot Misses the Net.
1:12 of 3rd period - T.J. Fast is hit by Erik Condra.
1:24 of 3rd period - Slapshot by T.J. Fast.
1:24 of 3rd period - Shot Misses the Net.
1:56 of 3rd period - Snap shot by Andrei Loktionov.
1:56 of 3rd period - Stopped by Kevin Poulin with a rebound.
2:58 of 3rd period - Adam McQuaid is hit by Peter Mueller and loses puck.
3:21 of 3rd period - Off-side.
3:22 of 3rd period - Cody Eakin wins face-off versus Éric Perrin in neutral zone.
3:29 of 3rd period - Jared Boll is hit by Éric Perrin and loses puck.
4:16 of 3rd period - Snap shot by Nick Spaling.
4:16 of 3rd period - Stopped by Kevin Poulin without a rebound.
4:17 of 3rd period - Éric Perrin wins face-off versus Yan Stastny in Punishers zone.
4:40 of 3rd period - Minor Penalty to Keith Aulie for Tripping.
4:41 of 3rd period - Devin Setoguchi wins face-off versus Éric Perrin in Staline zone.
4:52 of 3rd period - Slapshot by Nate Prosser.
4:52 of 3rd period - Shot Blocked by T.J. Fast.
4:54 of 3rd period - Backhand shot by Richard Zednik.
4:54 of 3rd period - Shot Blocked by T.J. Fast.
4:56 of 3rd period - Slapshot by Nate Prosser.
4:56 of 3rd period - Shot Blocked by Yan Stastny.
5:30 of 3rd period - Wrist shot by Tanner Glass.
5:30 of 3rd period - Stopped by Tobias Stephan with a rebound.
5:32 of 3rd period - Slapshot by Nate Prosser.
5:32 of 3rd period - Deflect By Andrei Loktionov.
5:32 of 3rd period - Stopped by Tobias Stephan with a rebound.
5:34 of 3rd period - Slapshot by Nate Prosser.
5:34 of 3rd period - Shot Misses the Net.
5:46 of 3rd period - Snap shot by Tanner Glass.
5:46 of 3rd period - Shot Misses the Net.
5:48 of 3rd period - Wrist shot by Luke Adam.
5:48 of 3rd period - Deflect By Theo Peckham.
5:48 of 3rd period - Goal by Luke Adam - Punishers : 2 - Staline : 2.
5:49 of 3rd period - Éric Perrin wins face-off versus Yan Stastny in neutral zone.
5:52 of 3rd period - Devin Setoguchi is hit by Adam McQuaid and loses puck.
6:15 of 3rd period - Yan Stastny is hit by Brandon McMillan and loses puck.
6:42 of 3rd period - Snap shot by Pierre-Luc Létourneau.
6:42 of 3rd period - Stopped by Kevin Poulin without a rebound.
6:43 of 3rd period - Luke Adam wins face-off versus Andrei Loktionov in Punishers zone.
6:43 of 3rd period - Luke Adam is hit by Andrei Loktionov.
7:09 of 3rd period - Keaton Ellerby is hit by Theo Peckham and loses puck.
7:26 of 3rd period - Snap shot by Tanner Glass.
7:26 of 3rd period - Goal by Tanner Glass - Punishers : 3 - Staline : 2.
7:27 of 3rd period - Éric Perrin wins face-off versus Yan Stastny in neutral zone.
7:32 of 3rd period - Slapshot by Yan Stastny.
7:32 of 3rd period - Shot Misses the Net.
8:17 of 3rd period - Slapshot by Peter Mueller.
8:17 of 3rd period - Stopped by Kevin Poulin with a rebound.
8:19 of 3rd period - Slapshot by T.J. Fast.
8:19 of 3rd period - Shot Misses the Net.
8:49 of 3rd period - Brad Isbister is hit by Michael Del Zotto and loses puck.
8:56 of 3rd period - Snap shot by Devin Setoguchi.
8:56 of 3rd period - Shot Misses the Net.
8:58 of 3rd period - Snap shot by Devin Setoguchi.
8:58 of 3rd period - Shot Blocked by Adam McQuaid.
9:00 of 3rd period - Snap shot by Pierre-Luc Létourneau.
9:00 of 3rd period - Shot Misses the Net.
9:02 of 3rd period - Wrist shot by Yan Stastny.
9:02 of 3rd period - Shot Blocked by Adam McQuaid.
9:11 of 3rd period - Off-side.
9:12 of 3rd period - Luke Adam wins face-off versus Andrei Loktionov in neutral zone.
9:37 of 3rd period - Minor Penalty to Jack Hillen for Hooking.
9:38 of 3rd period - Éric Perrin wins face-off versus Yan Stastny in Punishers zone.
9:47 of 3rd period - Off-side.
9:48 of 3rd period - Éric Perrin wins face-off versus Yan Stastny in neutral zone.
9:52 of 3rd period - Off-side.
9:53 of 3rd period - Yan Stastny wins face-off versus Richard Zednik in neutral zone.
9:56 of 3rd period - Keaton Ellerby is hit by Keith Aulie and loses puck.
10:07 of 3rd period - Snap shot by Pierre-Luc Létourneau.
10:07 of 3rd period - Stopped by Kevin Poulin without a rebound.
10:08 of 3rd period - Éric Perrin wins face-off versus Yan Stastny in Punishers zone.
10:19 of 3rd period - Snap shot by Richard Zednik.
10:19 of 3rd period - Stopped by Tobias Stephan with a rebound.
10:21 of 3rd period - Slapshot by Keaton Ellerby.
10:21 of 3rd period - Shot Misses the Net.
10:23 of 3rd period - Snap shot by Richard Zednik.
10:23 of 3rd period - Shot Misses the Net.
11:37 of 3rd period - Penalty to Jack Hillen is over, Jack Hillen is back on ice.
11:51 of 3rd period - Zach Jones is hit by Nick Spaling and loses puck.
12:16 of 3rd period - T.J. Fast is hit by Richard Zednik and loses puck.
12:29 of 3rd period - Theo Peckham is hit by Tanner Glass and loses puck.
12:36 of 3rd period - Tanner Glass is hit by Theo Peckham and loses puck.
13:13 of 3rd period - Frazer Mclaren is hit by Tyler Cuma.
13:19 of 3rd period - Slapshot by Erik Condra.
13:19 of 3rd period - Shot Misses the Net.
13:37 of 3rd period - Slapshot by Jack Hillen.
13:37 of 3rd period - Deflect By Nick Spaling.
13:37 of 3rd period - Stopped by Tobias Stephan with a rebound.
13:55 of 3rd period - Snap shot by Kris Chucko.
13:55 of 3rd period - Deflect By Devin Setoguchi.
13:55 of 3rd period - Shot Misses the Net.
13:55 of 3rd period - Puck is out of play.
13:56 of 3rd period - Luke Adam wins face-off versus Andrei Loktionov in Staline zone.
13:59 of 3rd period - Snap shot by Tanner Glass.
13:59 of 3rd period - Shot Blocked by Cam Janssen.
14:01 of 3rd period - Wrist shot by Adam McQuaid.
14:01 of 3rd period - Deflect By Tanner Glass.
14:01 of 3rd period - Stopped by Tobias Stephan with a rebound.
14:03 of 3rd period - Wrist shot by Tanner Glass.
14:03 of 3rd period - Stopped by Tobias Stephan with a rebound.
14:05 of 3rd period - Slapshot by Adam McQuaid.
14:05 of 3rd period - Shot Misses the Net.
14:07 of 3rd period - Snap shot by Adam McQuaid.
14:07 of 3rd period - Stopped by Tobias Stephan without a rebound.
14:08 of 3rd period - Luke Adam wins face-off versus Yan Stastny in Staline zone.
14:21 of 3rd period - Slapshot by Yan Stastny.
14:21 of 3rd period - Stopped by Kevin Poulin without a rebound.
14:22 of 3rd period - Yan Stastny wins face-off versus Casey Cizikas in Punishers zone.
14:25 of 3rd period - Wrist shot by Pierre-Luc Létourneau.
14:25 of 3rd period - Deflect By Yan Stastny.
14:25 of 3rd period - Goal by Yan Stastny - Punishers : 3 - Staline : 3.
14:26 of 3rd period - Richard Zednik wins face-off versus Yan Stastny in neutral zone.
14:29 of 3rd period - Slapshot by Nate Prosser.
14:29 of 3rd period - Shot Blocked by Yan Stastny.
14:37 of 3rd period - Slapshot by T.J. Fast.
14:37 of 3rd period - Stopped by Kevin Poulin with a rebound.
14:39 of 3rd period - Wrist shot by Yan Stastny.
14:39 of 3rd period - Shot Misses the Net.
14:41 of 3rd period - Backhand shot by T.J. Fast.
14:41 of 3rd period - Shot Misses the Net.
14:47 of 3rd period - Minor Penalty to Brad Isbister for Interference.
14:48 of 3rd period - Éric Perrin wins face-off versus Yan Stastny in Punishers zone.
15:03 of 3rd period - Slapshot by Yan Stastny.
15:03 of 3rd period - Stopped by Kevin Poulin with a rebound.
15:47 of 3rd period - Slapshot by Tyler Cuma.
15:47 of 3rd period - Stopped by Kevin Poulin with a rebound.
15:54 of 3rd period - Icing by Mason Raymond.
15:55 of 3rd period - Mason Raymond wins face-off versus Erik Condra in Staline zone.
16:12 of 3rd period - Nate Prosser is hit by Cam Janssen and loses puck.
16:37 of 3rd period - Icing by Andrei Loktionov.
16:38 of 3rd period - Andrei Loktionov wins face-off versus Éric Perrin in Staline zone.
16:47 of 3rd period - Penalty to Brad Isbister is over, Brad Isbister is back on ice.
17:01 of 3rd period - Keaton Ellerby is hit by Mason Raymond and loses puck.
17:10 of 3rd period - Snap shot by Andrei Loktionov.
17:10 of 3rd period - Shot Misses the Net.
17:12 of 3rd period - Slapshot by Cam Janssen.
17:12 of 3rd period - Stopped by Kevin Poulin without a rebound.
17:13 of 3rd period - Éric Perrin wins face-off versus Peter Mueller in Punishers zone.
17:24 of 3rd period - Backhand shot by Éric Perrin.
17:24 of 3rd period - Shot Misses the Net.
17:26 of 3rd period - Slapshot by Justin Falk.
17:26 of 3rd period - Deflect By Éric Perrin.
17:26 of 3rd period - Shot Misses the Net.
17:26 of 3rd period - Puck is out of play.
17:27 of 3rd period - Peter Mueller wins face-off versus Casey Cizikas in Staline zone.
17:43 of 3rd period - Snap shot by Adam Pineault.
17:43 of 3rd period - Stopped by Tobias Stephan with a rebound.
17:53 of 3rd period - Peter Mueller is hit by Mike Grier and loses puck.
18:06 of 3rd period - Backhand shot by Tanner Glass.
18:06 of 3rd period - Stopped by Tobias Stephan with a rebound.
18:24 of 3rd period - Slapshot by Richard Zednik.
18:24 of 3rd period - Shot Misses the Net.
18:38 of 3rd period - Wrist shot by Pierre-Luc Létourneau.
18:38 of 3rd period - Shot Blocked by Jack Hillen.
18:42 of 3rd period - Slapshot by Yan Stastny.
18:42 of 3rd period - Stopped by Kevin Poulin without a rebound.
18:43 of 3rd period - Casey Cizikas wins face-off versus Yan Stastny in Punishers zone.
18:56 of 3rd period - Slapshot by Pierre-Luc Létourneau.
18:56 of 3rd period - Shot Blocked by Nate Prosser.
18:58 of 3rd period - Slapshot by Theo Peckham.
18:58 of 3rd period - Stopped by Kevin Poulin with a rebound.
19:00 of 3rd period - Slapshot by Tyler Cuma.
19:00 of 3rd period - Shot Blocked by Nate Prosser.
19:06 of 3rd period - Snap shot by Devin Setoguchi.
19:06 of 3rd period - Stopped by Kevin Poulin with a rebound.
19:08 of 3rd period - Snap shot by Devin Setoguchi.
19:08 of 3rd period - Stopped by Kevin Poulin without a rebound.
19:09 of 3rd period - Luke Adam wins face-off versus Yan Stastny in Punishers zone.
19:44 of 3rd period - Snap shot by Peter Mueller.
19:44 of 3rd period - Stopped by Kevin Poulin without a rebound.
19:45 of 3rd period - Tanner Glass wins face-off versus Peter Mueller in Punishers zone.
Goals for this period are 2 for Punishers vs 1 for Staline.
Shots for this period are 11 for Punishers vs 16 for Staline.
Overtime #1
0:01 of 1st overtime period - Éric Perrin wins face-off versus Devin Setoguchi in neutral zone.
0:14 of 1st overtime period - Snap shot by Éric Perrin.
0:14 of 1st overtime period - Shot Blocked by Devin Setoguchi.
0:53 of 1st overtime period - Snap shot by Yan Stastny.
0:53 of 1st overtime period - Goal by Yan Stastny - Punishers : 3 - Staline : 4.
Goals for this period are 0 for Punishers vs 1 for Staline.
Shots for this period are 0 for Punishers vs 1 for Staline.
Output by the SimonT Hockey Simulator (STHS) for François Prévost -- Original Page W3C XHTML 1.0 Valid